 Dungeon Crawl Stone Soup version 0.15.0-14-g6bbbb5c (console) character file.

157 gw the Ducker (level 5, -3/25 HPs)
             Began as a Felid Abyssal Knight on Sept 4, 2014.
             Was a Believer of Lugonu.
             Killed by divine providence
             ... invoked by an orc priest
              (16 damage)
             ... on Level 4 of the Dungeon.
             The game lasted 00:03:38 (5371 turns).

gw the Ducker (Felid Abyssal Knight)                Turns: 5371, Time: 00:03:38

HP  -3/25        AC  1     Str  8      XL: 5   Next: 15%
MP  10/10        EV 26     Int 13      God: Lugonu [**....]
Gold 0           SH  0     Dex 17      Spells:  0 memorised,  4 levels left
Lives: 0, deaths: 1

rFire  . . .     SeeInvis +       - Unarmed
rCold  . . .     Clarity  +     (armour unavailable)
rNeg   . . .     rCorr    .     (shield unavailable)
rPois  .         rRot     .     (helmet unavailable)
rElec  .         Spirit   .     (cloak unavailable)
SustAb .         Warding  .     (gloves unavailable)
rMut   +         Stasis   .     (boots unavailable)
Gourm  .                        d - amulet of resist mutation
MR     .....                    (no ring)
                                b - +4 ring of evasion

@: quick, not resistant to hostile enchantments, unstealthy
A: paw claws, no armour, no weapons or thrown items, fangs 3, repulsion field 1,
see invisible, carnivore 3, clarity, speed 1, shaggy fur 1, slow metabolism 1,
jump 1, forlorn
a: Jump Attack, Depart the Abyss, Bend Space, Renounce Religion


You were on level 4 of the Dungeon.
You worshipped Lugonu.
Lugonu was pleased with you.
You were not hungry.

You visited 1 branch of the dungeon, and saw 4 of its levels.
You visited the Abyss 1 time.

Inventory:

Magical devices
 a - a wand of teleportation (0)
Comestibles
 c - 3 meat rations
 g - 2 beef jerkies
Scrolls
 e - a scroll of blinking
 h - 4 scrolls of identify
Jewellery
 b - a +4 ring of evasion (left paw)
 d - an amulet of resist mutation (around neck)
Potions
 f - 3 potions of curing


   Skills:
 + Level 4.0 Fighting
 + Level 4.7 Dodging
 * Level 4.2 Unarmed Combat
 + Level 2.8 Invocations


You had 4 spell levels left.
You didn't know any spells.

Dungeon Overview and Level Annotations

Branches:
Dungeon (4/15)
 Temple: D:4-7

Altars:
Yredelemnul

Annotations:
D:2 exclusion: downstairs
D:3 exclusion: 2 downstairs


Innate Abilities, Weirdness & Mutations

You cannot wear armour.
You are incapable of wielding weapons or throwing items.
Your paws have sharp claws.
You have razor-sharp teeth.
You have supernaturally acute eyesight.
You are carnivorous and can eat meat at any time.
You cover ground quickly.
You are covered in fur (AC +1).
You have a slow metabolism.
You can jump attack at a short distance.
You are surrounded by a mild repulsion field (EV +2).
You possess an exceptional clarity of mind.
You have difficulty communicating with the divine.


Message History

Found a scroll of noise.
ATTACK MOVE TO (0,1) ATTACK MOVE TO (0,1)
You scratch the orc wizard.
The orc wizard begins to bleed from its wounds!
The orc wizard is lightly wounded.
ATTACK MOVE TO (0,1)
You closely miss the orc wizard.
The orc wizard is lightly wounded.
The orc wizard completely misses you.
The orc priest mumbles some strange prayers to Beogh against you.
Something smites you!
ATTACK MOVE TO (0,1)
You claw the orc wizard!
The orc wizard is severely wounded.
The orc wizard closely misses you. The orc completely misses you.
The orc priest calls down the wrath of Beogh upon you.
Something smites you!
Ouch! That really hurt!
You die...

.................................
.................................
.................................
.................................
.................................
... ...........................
..........................
.........................
........h...>............
......oooo...............
........................
........................
.....o..................
.......................
.......?.............. .........
.......... ... .........


You could see 2 orc priests, an orc wizard (bleeding) and 2 orcs.

Table legend:
 A = Turns spent in this place as a percentage of turns spent in the entire game.
 B = Non-inter-level travel turns spent in this place as a percentage of non-inter-level travel turns spent in the entire game.
 C = Inter-level travel turns spent in this place as a percentage of turns spent in this place.
 D = Turns resting spent in this place as a percentage of non-inter-level travel turns spent in this place.
 E = Turns spent auto-exploring this place as a percentage of non-inter-level travel turns spent in this place.
 F = Non-inter-level travel turns spent in this place divided by the number of levels of this place that you've seen.
                   A       B       C       D       E      F
               +-------+-------+-------+-------+-------+----------------------
         Total | 100.0 | 100.0 |   1.5 |   5.9 |  13.1 | 343.8
       Dungeon |  99.5 |  99.5 |   1.6 |   5.9 |  13.0 | 427.8
         Abyss |   0.5 |   0.5 |   0.0 |   0.0 |  50.0 |   8.0
               +-------+-------+-------+-------+-------+----------------------

Table legend:
 A = Kills in this place as a percentage of kills in entire the game.
 B = Kills by you in this place as a percentage of kills by you in the entire game.
 C = Kills by friends in this place as a percentage of kills by friends in the entire game.
 D = Other kills in this place as a percentage of other kills in the entire game.
 E = Experience gained in this place as a percentage of experience gained in the entire game.
 F = Experience gained in this place divided by the number of levels of this place that you have seen.
                   A       B       C       D       E      F
               +-------+-------+-------+-------+-------+----------------------
         Total | 100.0 | 100.0 |  -nan |  -nan | 100.0 |  71.2
       Dungeon | 100.0 | 100.0 |  -nan |  -nan | 100.0 |  89.0
               +-------+-------+-------+-------+-------+----------------------

Vanquished Creatures
  A hound (D:4)
  A worker ant (D:4)
  An iguana (D:4)
  A gnoll (D:1)
  4 adders
  2 giant mites
  3 worms
  4 giant geckos
  5 orcs (D:3)
  3 ball pythons
  6 giant cockroaches
  7 goblins
  10 hobgoblins
  8 kobolds
  13 bats
  10 giant newts
  3 quokkas
  9 rats
91 creatures vanquished.

Notes
Turn   | Place    | Note
--------------------------------------------------------------
     0 | Abyss:1  | gw, the Felid Abyssal Knight, began the quest for the Orb.
     0 | Abyss:1  | Reached XP level 1. HP: 10/10 MP: 2/2
    54 | Abyss:1  | Noticed an ancient zyme
    54 | D:1      | Escaped the Abyss
    57 | D:1      | Noticed an electric eel
   192 | D:1      | Reached XP level 2. HP: 14/14 MP: 3/3
   255 | D:1      | Acquired Lugonu's first power
   568 | D:1      | Reached XP level 3. HP: 17/17 MP: 5/5
   766 | D:1      | Gained mutation: You possess an exceptional clarity of mind. [potion of mutation]
   766 | D:1      | Gained mutation: You have difficulty communicating with the divine. [potion of mutation]
   770 | D:1      | Gained mutation: You are surrounded by a mild repulsion field (EV +2). [potion of beneficial mutation]
  1174 | D:2      | Found a basalt altar of Yredelemnul.
  1303 | D:2      | Acquired Lugonu's second power
  1501 | D:2      | Reached XP level 4. HP: 21/21 MP: 6/8
  1870 | D:2      | Reached skill level 4 in Dodging
  3502 | D:3      | Reached XP level 5. HP: 25/25 MP: 9/9
  3641 | D:3      | Noticed an ogre
  4765 | D:4      | Slain by a worker ant
  4766 | D:4      | Reached XP level 4. HP: -2/22 MP: 8/8
  5285 | D:4      | Reached XP level 5. HP: 19/25 MP: 10/10
  5371 | D:4      | Killed from afar by an orc priest

Action                   |  1- 3 |  4- 6 || total
-------------------------+-------+-------++-------
Melee: Unarmed           |   109 |   234 ||   343
Invok: Depart the Abyss  |     1 |       ||     1
       Bend Space        |       |     1 ||     1
Evoke: Wand              |       |     2 ||     2
  Use: Scroll            |     5 |     4 ||     9
       Potion            |     4 |     3 ||     7
  Eat: Chunk             |     1 |     1 ||     2
       Meat ration       |       |     1 ||     1

Vault maps used:
D:1:      arrival_aquarium_a, st_stairs_3
D:2:      lemuel_round_altar, minmay_misc_feat_doors
D:4:      first_bread
Abyss:1:  hangedman_abyss_overflow_altar
